Map: [ESL] Oceanborn

Players

ShoWTimE - Winner!

  • Race: Protoss Protoss
  • League: Master
  • Spawn Location: 5:00

Kelazhur

  • Race: Terran Terran
  • Spawn Location: 11:00

Event: IEM Katowice 2024

VOD

Have the link to the VOD?

Description

Time

  • Played on: Dec. 8, 2023, 1:36 p.m.
  • Length: 8:14

All games in this series

Show
View Real Time Build Order
Export as new Build Order

ShoWTimE Protoss - Winner!

Build Orders: 1 Gate Expand, Phoenix Opening, Blink Stalkers 

Get SALT Encoding   

  12  0:00  Probe  
  13  0:12  Probe  
  14  0:16  Pylon  
  14  0:24  Probe (Chrono Boost)  
  15  0:36  Gateway, Probe (Chrono Boost)  
  16  0:44  Probe (Chrono Boost)  
  16  0:45  Assimilator  
  17  0:50  Probe  
  18  1:03  Probe  
  19  1:15  Probe  
  20  1:25  Cybernetics Core  
  20  1:27  Probe  
  21  1:42  Nexus  
  21  1:49  Pylon  
  21  1:53  Probe  
  22  1:59  Assimilator  
  22  2:05  Probe  
  22  2:06  Stalker (Chrono Boost)  
  23  2:12  Warp Gate  
  25  2:17  Probe  
  26  2:29  Probe, Stalker (Chrono Boost)  
  29  2:37  Shield Battery  
  29  2:42  Probe  
  30  2:47  Twilight Council  
  30  2:53  Probe  
  30  2:54  Sentry, Probe  
  34  3:06  Probe x2  
  34  3:11  Gateway  
  35  3:18  Blink (Chrono Boost), Probe  
  35  3:19  Shield Battery  
  37  3:20  Probe  
  37  3:26  Phoenix  
  37  3:35  Probe  
  37  3:36  Gateway  
  37  3:37  Probe  
  39  3:47  Probe  
  40  3:49  Probe  
  40  3:50  Pylon  
  41  3:57  Robotics Facility  
  41  3:59  Probe  
  41  4:01  Probe, Stalker  
  45  4:10  Stalker  
  45  4:11  Probe  
  45  4:12  Pylon  
  45  4:13  Probe  
  49  4:18  Assimilator  
  49  4:24  Probe  
  50  4:25  Probe  
  51  4:35  Pylon  
  51  4:36  Probe  
  51  4:37  Probe  
  53  4:41  Nexus  
  53  4:46  Observer  
  53  4:48  Probe  
  53  4:50  Probe  
  53  4:51  Stalker  
  58  4:54  Stalker  
  58  4:59  Shield Battery  
  60  5:00  Probe  
  60  5:03  Probe  
  60  5:06  Stalker  
  64  5:13  Charge  
  65  5:15  Forge  
  65  5:19  Immortal (Chrono Boost)  
  64  5:25  Pylon  
  67  5:30  Stalker  
  67  5:34  Stalker  
  67  5:40  Stalker  
  67  5:42  Probe  
  70  5:43  Probe  
  67  5:58  Stalker  
  67  5:59  Probe (Chrono Boost)  
  67  6:02  Probe (Chrono Boost)  
  67  6:03  Forge, Probe (Chrono Boost)  
  72  6:10  Probe (Chrono Boost)  
  74  6:12  Probe x2 (Chrono Boost)  
  74  6:15  Probe (Chrono Boost)  
  74  6:17  Probe x2 (Chrono Boost)  
  76  6:18  Pylon  
  76  6:23  Nexus  
  78  6:26  Probe  
  78  6:28  Probe  
  78  6:29  Probe  
  81  6:34  Stalker x2  
  81  6:35  Stalker  
  81  6:38  Probe  
  78  6:41  Probe  
  78  6:46  Probe  
  75  6:52  Probe (Chrono Boost)  
  75  6:53  Probe (Chrono Boost)  
  77  6:58  Probe (Chrono Boost)  
  78  7:04  Probe (Chrono Boost)  
  78  7:05  Probe (Chrono Boost)  
  78  7:06  Stalker  
  83  7:10  Probe (Chrono Boost)  
  83  7:11  Stalker  
  83  7:13  Probe x2 (Chrono Boost), Stalker  
  83  7:15  Probe (Chrono Boost)  
  89  7:19  Probe x2  
  89  7:21  Pylon  
  91  7:24  Probe  
  90  7:31  Probe  
  90  7:33  Probe  
  88  7:38  Stalker x3  
  88  8:02  Gateway  
  88  8:03  Stalker x3  
  88  8:04  Gateway  
  95  8:06  Gateway  
  95  8:09  Gateway  
Show
View Real Time Build Order
Export as new Build Order

Kelazhur Terran 

Build Orders: Cyclone Opening 

Get SALT Encoding   

  12  0:00  SCV  
  13  0:12  SCV  
  14  0:17  Supply Depot  
  14  0:24  SCV  
  14  0:28  Refinery  
  15  0:38  SCV  
  16  0:45  Barracks  
  16  0:50  SCV  
  17  1:03  SCV  
  18  1:08  Engineering Bay  
  18  1:15  SCV  
  19  1:31  Marine  
  19  1:32  Orbital Command  
  20  1:37  Factory  
  20  1:50  Barracks Reactor, Supply Depot  
  20  1:59  SCV  
  21  2:11  SCV  
  22  2:17  Command Center  
  22  2:23  SCV  
  22  2:29  Cyclone  
  25  2:31  Cyclone  
  25  2:36  Supply Depot  
  27  2:39  SCV  
  27  2:41  Marine  
  29  2:50  Refinery  
  29  2:51  SCV  
  30  3:02  Hellion  
  30  3:04  Hellion  
  34  3:09  Barracks Tech Lab, SCV  
  35  3:15  Starport  
  35  3:21  SCV  
  36  3:29  Orbital Command  
  36  3:35  SCV  
  37  3:42  Siege Tank, Marine x2  
  42  3:49  Orbital Command, SCV  
  43  3:58  Liberator  
  43  4:00  Marine x2  
  43  4:01  SCV  
  49  4:05  Supply Depot  
  49  4:11  Barracks  
  49  4:14  SCV  
  49  4:16  SCV  
  51  4:23  Siege Tank  
  54  4:28  SCV  
  55  4:32  Marine, SCV  
  55  4:34  Marine  
  58  4:40  SCV  
  58  4:44  SCV  
  60  4:46  Supply Depot  
  60  4:50  Barracks  
  60  4:52  SCV  
  61  4:53  Marine  
  61  4:59  Marine  
  60  5:00  SCV  
  60  5:04  SCV  
  60  5:05  Barracks Tech Lab  
  61  5:07  Liberator  
  61  5:11  Marine  
  61  5:12  SCV  
  66  5:14  Siege Tank  
  66  5:16  SCV  
  70  5:25  Marine  
  70  5:26  SCV  
  70  5:28  Marauder  
  70  5:29  SCV, Refinery  
  70  5:31  Supply Depot  
  69  5:37  Marine  
  70  5:44  Stimpack, Supply Depot  
  70  5:49  Marine  
  70  5:52  SCV x2  
  61  5:59  Marauder  
  65  6:04  SCV x2  
  65  6:06  Command Center, Marine  
  65  6:07  Refinery  
  64  6:12  Marauder  
  64  6:13  Combat Shield  
  64  6:16  SCV x2, Marine  
  64  6:17  Starport Reactor, Factory Reactor  
  67  6:23  Supply Depot  
  67  6:24  Marauder  
  69  6:28  SCV x2  
  69  6:32  Marine  
  72  6:33  Marauder  
  67  6:40  SCV, Marine  
  67  6:43  SCV  
  67  6:46  Marauder  
  64  6:52  SCV  
  65  6:54  Marauder, Medivac x2  
  65  7:01  Supply Depot, Marine x2  
  70  7:04  Widow Mine x2  
  74  7:08  SCV x2  
  74  7:10  Supply Depot  
  74  7:12  Marauder  
  78  7:16  Marauder  
  80  7:26  Marine  
  80  7:27  Marine  
  80  7:28  SCV  
  76  7:32  SCV  
  76  7:33  Marauder  
  72  7:37  Marauder  
  72  7:41  Orbital Command  
  72  7:43  Barracks  
  69  7:44  Barracks  
  69  7:46  Marine x2  
  63  7:55  SCV  
  64  7:58  SCV  

Tags
 
Add a new tag
Caveats
  • Supply blocks, unpowered buildings, or Contaminate may cause inaccurate times.
  • Supply counts are checked every 10 seconds.